 Dungeon Crawl Stone Soup version 0.22-a0-392-g5dc3fd9 (webtiles) character file.

128096 Mgcat the Bludgeoner (level 17, -7/115 HPs)
             Began as a Gargoyle Monk on Apr 30, 2018.
             Was the Champion of Makhleb.
             Mangled by a tentacle (9 damage)
             ... attached to a kraken
             ... on level 3 of the Shoals on May 1, 2018.
             The game lasted 01:41:30 (25732 turns).

Mgcat the Bludgeoner (Gargoyle Monk)               Turns: 25732, Time: 01:41:31

Health: -7/115     AC: 38    Str: 21    XL:     17   Next: 2%
Magic:  24/24      EV: 10    Int:  9    God:    Makhleb [******]
Gold:   2049       SH:  0    Dex: 16    Spells: 17/20 levels left

rFire    + . .     SeeInvis .   M - +2 dire flail (flame)
rCold    + + +     Gourm    .   (shield currently unavailable)
rNeg     + . .     Faith    +   W - +4 chain mail of Amyris {Slay+3 Stlth+}
rPois    ∞         Spirit   .   g - +0 helmet of Objectivity {rF+ Regen+ Str+3 Int-5}
rElec    +         Reflect  .   E - scarf {rC+ rF+}
rCorr    .         Harm     .   n - +2 pair of gloves
MR       +++..                  T - +2 pair of boots
Stlth    ..........             k - amulet of faith {Faith, !P}
HPRegen  0.69/turn              b - ring of protection from magic {MR+, !d}
MPRegen  0.19/turn              x - ring "Diequxe" {rF- rC++ MR+ Dex+3}

@: flying
A: big wings, low mp 1, negative energy resistance 1, electricity resistance,
unbreathing, petrification resistance, rot immunity, AC +12
a: Stop Flying, Minor Destruction, Lesser Servant of Makhleb, Major Destruction,
Greater Servant of Makhleb, Renounce Religion


You were on level 3 of the Shoals.
You worshipped Makhleb.
Makhleb was exalted by your worship.
You were not hungry.

You visited 4 branches of the dungeon, and saw 26 of its levels.
You also visited: Labyrinth and Ice Cave.

You collected 3100 gold pieces.
You spent 1051 gold pieces at shops.

Inventory:

Hand Weapons
 M - a +2 dire flail of flaming (weapon)
   (You took it off a two-headed ogre on level 9 of the Dungeon)
Missiles
 d - 80 tomahawks (quivered)
 w - 2 throwing nets {=f, !d}
 y - 11 curare-tipped needles
 K - 5 tomahawks of dispersal {=f}
 R - 17 poisoned javelins
Armour
 g - the +0 helmet of Objectivity (worn) {rF+ Regen+ Str+3 Int-5}
   (You found it on level 6 of the Lair of Beasts)

   It affects your strength (+3).
   It affects your intelligence (-5).
   It protects you from fire.
   It increases your rate of regeneration.
 n - a +2 pair of gloves (worn)
   (You found it on level 3 of the Dungeon)
 r - the +3 warlock's mirror {reflect}
   (You acquired it on level 6 of the Lair of Beasts)
 E - a scarf of resistance (worn)
   (You found it on level 13 of the Dungeon)
 T - a +2 pair of boots (worn)
   (You found it on level 2 of the Lair of Beasts)
 W - the +4 chain mail of Amyris (worn) {Slay+3 Stlth+}
   (You bought it in a shop on level 2 of the Orcish Mines)

   It affects your accuracy and damage with ranged weapons and melee attacks
   (+3).
   It makes you more stealthy.
Magical Staves
 X - an uncursed staff of wizardry {wiz+, !a}
   (You found it on level 6 of the Lair of Beasts)
Jewellery
 b - a ring of protection from magic (left hand) {MR+, !d}
   (You found it on level 4 of the Lair of Beasts)
 k - an amulet of faith (around neck) {Faith, !P}
   (You found it on level 2 of the Dungeon)
 t - an uncursed ring of see invisible {sInv, !d}
   (You found it on level 3 of the Dungeon)
 x - the ring "Diequxe" (right hand) {rF- rC++ MR+ Dex+3}
   (You found it on level 5 of the Lair of Beasts)

   [ring of dexterity]

   It affects your dexterity (+3).
   It makes you vulnerable to fire.
   It greatly protects you from cold.
   It affects your resistance to hostile enchantments.
 z - an uncursed ring of resist corrosion
   (You found it on level 4 of the Dungeon)
 N - an uncursed ring of teleportation {+/*tele, !d}
   (You found it in an ice cave)
Wands
 o - a wand of clouds (12)
   (You found it on level 5 of the Dungeon)
 A - a wand of acid (8)
   (You found it in an ice cave)
 D - a wand of scattershot (9)
   (You found it on level 10 of the Dungeon)
 L - a wand of digging (4)
   (You found it on level 8 of the Dungeon)
 U - a wand of iceblast (11)
   (You found it on level 3 of the Lair of Beasts)
Scrolls
 f - 8 scrolls of identify
 j - 15 scrolls of teleportation
 l - 15 scrolls of remove curse
 q - a scroll of silence
 s - a scroll of holy word {unknown}
 G - a scroll of amnesia
 H - 2 scrolls of blinking {!r}
 P - a scroll of fear
 Q - a scroll of enchant weapon
 S - 3 scrolls of enchant armour
 V - a scroll of magic mapping {!r}
Potions
 a - 3 potions of brilliance
 e - 3 potions of magic
 h - 2 potions of haste
 i - 2 potions of might
 m - 6 potions of cancellation
 u - 5 potions of agility
 v - a potion of ambrosia
 B - 4 potions of heal wounds
 C - 5 potions of mutation {!q}
 J - 9 potions of curing
 O - 2 potions of resistance
Miscellaneous
 I - a lamp of fire
   (You found it on level 11 of the Dungeon)
Comestibles
 c - 57 rations
 p - 3 chunks of flesh {@w0}


   Skills:
 + Level 15.9 Fighting
 + Level 16.8 Maces & Flails
 + Level 13.3 Armour
 + Level 3.4 Dodging
 - Level 2.1 Stealth
 - Level 4.0 Shields
 + Level 2.2 Spellcasting
 + Level 2.3 Charms
 + Level 2.1 Necromancy
 + Level 13.8 Invocations
 - Level 5.0 Evocations


You had 17 spell levels left.
You knew the following spells:

 Your Spells              Type           Power        Failure   Level  Hunger
a - Regeneration          Chrm/Necr      #.........   91%         3    ####...


Dungeon Overview and Level Annotations

Branches:
Dungeon (15/15)            Temple (0/1) D:6            Lair (6/6) D:10
 Shoals (3/4) Lair:3       Spider (0/4) Lair:4        Slime (0/5) Lair:5
    Orc (2/2) D:12            Elf (0/3) Orc:2        Vaults (0/5) D:14
 Depths (0/5) D:15

Altars:
Ashenzari
Elyvilon
Gozag
Hepliaklqana
Makhleb
Okawaru
Qazlal
Sif Muna
Xom

Shops:
D:7 [   D:10 *   Orc:2 [?![*

Annotations:
Lair:3 exclusion: 4 oklob plants


Innate Abilities, Weirdness & Mutations

You are resistant to torment.
Your stone body is resilient. (AC +12)
You are immune to poison.
Your large and strong wings let you fly indefinitely.
You resist negative energy. (rN+)
You are resistant to electric shocks. (rElec)
You can survive without breathing.
You are immune to petrification.
You are immune to rotting.
Your magical capacity is low. (-10% MP)


Message History

You carefully extract the barbed spikes from your body.
The faun is engulfed in a cloud of scalding steam.
The faun hits you from afar with a spear.
Throwing (i - inventory. (/) - cycle)
d - 81 tomahawks (quivered)
Press: ? - help, Shift-Dir - straight line, f/p - faun
Aim: a faun, wielding a spear (steam, moderately wounded)
You throw a tomahawk. The tomahawk hits the faun!
The faun is heavily wounded.
You hear a splash.
The faun is engulfed in a cloud of scalding steam.
The faun hits you but does no damage.
The faun is engulfed in a cloud of scalding steam.
The faun splashes around in the water.
Throwing (i - inventory. (/) - cycle)
d - 80 tomahawks (quivered)
Press: ? - help, Shift-Dir - straight line, f/p - faun
Aim: a faun, wielding a spear (steam, severely wounded)
You throw a tomahawk. The tomahawk barely misses the faun.
You hear a splash.
The faun is engulfed in a cloud of scalding steam.
The faun splashes around in the water.
Throwing (i - inventory. (/) - cycle)
d - 79 tomahawks (quivered)
Press: ? - help, Shift-Dir - straight line, f/p - faun
Aim: a faun, wielding a spear (steam, almost dead)
You throw a tomahawk. The tomahawk hits the faun.
The faun is almost dead.
You hear a splash.
The faun is engulfed in a cloud of scalding steam.
The faun hits you but does no damage.
Throwing (i - inventory. (/) - cycle)
d - 78 tomahawks (quivered)
Press: ? - help, Shift-Dir - straight line, f/p - faun
Aim: a faun, wielding a spear (steam, almost dead)
You throw a tomahawk. The tomahawk hits the faun.
You kill the faun!
Makhleb accepts your kill.
You hear a splash. x4
HP restored.
l - 15 scrolls of remove curse (gained 1)
You see here a spear.
Items here: ( )) † an uncursed longbow; an uncursed club; 15 arrows; a satyr corpse You butcher the satyr corpse.
p - 4 chunks of flesh {@w0}
Things that are here:
an uncursed longbow; an uncursed club; 15 arrows
Things that are here:
an uncursed longbow; an uncursed club; 15 arrows Eating one of 4 chunks of flesh {@w0}.
You eat one of the 4 chunks of flesh {@w0}.
This raw flesh tastes terrible.
d - 80 tomahawks (gained 3)
Things that are here:
a spear; a hunting sling; 25 stones You see here a spear.
D - a wand of scattershot (9) (gained 4 charges)
You see here an arrow.
You see here an arrow.
You see here an arrow.
A kraken comes into view.
You see here an arrow.
A kraken is nearby!
Unknown command.
Unknown command.
Unknown command.
Unknown command.
Tentacles burst out of the water! 4 tentacles come into view.
The tentacle slaps you but does no damage. x2
You sock the kraken! You burn the kraken.
The kraken is lightly wounded.
The tentacle slaps you but does no damage.
The tentacle slaps you! The tentacle closely misses you.
You completely miss the kraken.
The kraken is lightly wounded.
The tentacle barely misses you.
The tentacle slaps you but does no damage. x2
You hit the kraken. You burn the kraken.
The kraken is lightly wounded.
The tentacle slaps you but does no damage.
The kraken closely misses you. The tentacle slaps you.
The tentacle barely misses you.
You hit the kraken but do no damage.
The kraken is lightly wounded.
The tentacle slaps you!
The tentacle slaps you but does no damage. x3
The kraken bites you!
You hit the kraken. You burn the kraken.
The kraken is lightly wounded.
The tentacle slaps you but does no damage.
The tentacle closely misses you. x2
The tentacle slaps you but does no damage.
The kraken bites you!
A demon appears!
The tentacle slaps you!
The tentacle slaps you but does no damage.
The tentacle slaps you.
* * * LOW HITPOINT WARNING * * *
The tentacle slaps you but does no damage.
The kraken bites you!!
* * * LOW HITPOINT WARNING * * *
The tentacle slaps you!
You die...

≈≈≈≈≈≈≈.###.......≈≈≈≈≈≈≈≈≈≈
≈≈≈≈≈≈≈.≈≈.......≈≈≈≈≈≈≈≈≈≈≈
≈≈≈≈≈≈≈.........≈≈≈≈≈≈≈≈≈≈≈≈
≈≈≈≈≈≈≈.###..##)≈≈≈≈≈≈≈≈≈≈≈≈
....≈≈.## ##.#.((>≈≈≈≈≈≈≈≈≈≈
##.≈≈..# #.((().≈≈≈≈≈≈≈≈≈≈≈
##.≈≈≈≈.###(.≈≈≈≈≈≈≈≈≈≈≈≈≈≈≈
..≈≈≈≈≈...w.w≈≈≈≈≈≈≈≈≈≈≈≈≈≈≈
≈≈≈≈≈≈...│2@≈≈≈≈≈≈≈≈≈≈≈≈≈≈≈≈
≈≈≈≈.....│wXw≈≈≈≈≈≈≈≈≈≈≈≈≈≈≈
≈≈≈≈?###.≈)≈≈≈≈≈≈≈≈≈≈≈≈≈≈≈≈≈
≈≈≈.. #≈≈≈≈≈≈≈≈≈≈≈≈≈≈≈≈≈≈≈≈
≈≈≈≈ ≈≈≈≈≈≈≈≈≈≈≈≈≈≈≈≈≈≈≈≈≈≈≈
≈≈≈≈≈.≈≈≈≈≈≈≈≈≈≈≈≈≈≈ ≈≈≈≈≈≈
≈≈≈≈..≈≈≈≈≈≈≈≈≈≈≈≈≈ ≈≈≈≈≈≈
≈≈≈≈≈≈≈(≈≈≈≈≈≈≈≈ ≈≈≈≈≈≈
≈≈≈≈≈≈≈≈≈≈≈≈≈≈≈ ≈≈≈≈≈≈


You could see a kraken, 4 tentacles and a friendly cacodemon.

Vanquished Creatures
  Gastronok (D:12)
  A frost giant (IceCv)
  A minotaur (Lab)
  A quicksilver dragon zombie (D:15)
  3 merfolk impalers
  7 hydras
  5 centaur warriors
  5 two-headed ogres
  3 merfolk aquamancers (Shoals:2)
  2 catoblepae
  A merfolk avatar (Lair:6)
  2 dancing weapons (D:14)
  2 death yaks
  A tengu warrior (D:15)
  3 orc high priests (Orc:2)
  2 satyrs
  Sonja (D:10)
  6 sea snakes
  A skeletal warrior (D:15)
  2 unseen horrors (D:14)
  An obsidian statue (D:13)
  6 harpies
  A tengu zombie (D:15)
  A necromancer (D:15)
  An orange crystal statue (D:13)
  A phantasmal warrior (D:15)
  3 cyclopes
  4 orc knights
  An orc sorcerer (Orc:2)
  14 ugly things
  13 fauns
  7 slime creatures
  6 manticores
  3 black mambas
  4 merfolk sirens
  An elephant (Lair:6)
  An ice statue (IceCv)
  A spriggan zombie (D:15)
  4 gargoyles
  10 spiny frogs
  2 water nymphs (Shoals:2)
  Psyche (D:9)
  A torpor snail (Lair:5)
  8 rime drakes
  A tengu conjurer (D:15)
  10 komodo dragons
  A guardian mummy (D:15)
  12 merfolk
  14 polar bears
  2 hornets (Lair:6)
  A queen bee (D:10)
  A troll (shapeshifter) (D:14)
  2 trolls
  Prince Ribbit (D:8)
  2 dream sheep (D:10)
  20 hippogriffs
  13 blink frogs
  3 wind drakes
  2 snapping turtles (Shoals:1)
  An ice dragon zombie (D:15)
  8 wyverns
  A tarantella (shapeshifter) (D:15)
  2 vampires
  A yak (shapeshifter) (D:14)
  Eustachio (D:6)
  A tarantella (Lair:4)
  A basilisk (Lair:4)
  14 water elementals
  52 yaks
  3 vampire mosquitoes (D:13)
  A hungry ghost (D:15)
  A warg (Orc:1)
  An acid dragon (D:13)
  4 porcupines
  18 water moccasins
  11 ice beasts
  36 orc warriors
  4 sky beasts
  2 black bears (D:7)
  2 phantoms
  A necrophage (D:8)
  9 ogres
  4 boggarts (D:12)
  22 centaurs
  27 wolves
  12 crocodiles
  21 bullfrogs
  3 big kobolds (D:10)
  A water moccasin skeleton (D:5)
  3 scorpions
  44 killer bees
  11 wights
  An electric eel (Lair:1)
  2 howler monkeys
  3 crimson imps
  2 bullfrog zombies (D:5)
  A quasit (D:12)
  3 hounds
  2 bullfrog skeletons
  35 orc priests
  5 jellies
  37 orc wizards
  3 centaur skeletons
  6 iguanas
  Terence (D:2)
  2 hell rats (Lair:6)
  7 worker ants
  A hound zombie (D:9)
  A worker ant zombie (D:8)
  Robin (D:3)
  6 gnolls
  10 adders
  10 river rats (Lair:6)
  5 shadow imps
  3 adder skeletons
  An adder zombie (D:9)
  3 worms
  4 dart slugs
  6 leopard geckos
  111 orcs
  A ball python (D:7)
  2 bats (D:2)
  4 giant cockroaches
  12 goblins
  9 hobgoblins
  13 jackals
  6 quokkas
  9 frilled lizards
  3 kobolds
  A leopard gecko skeleton (D:5)
  9 rats
894 creatures vanquished.

Vanquished Creatures (collateral kills)
  An orc warlord (Orc:2)
  A hydra (Lair:4)
  Erica (D:9)
  A two-headed ogre (D:11)
  2 orc high priests (Orc:2)
  3 orc knights (Orc:2)
  A centaur zombie (D:12)
  Joseph (D:7)
  2 blink frogs (Lair:4)
  A yak (D:10)
  A hungry ghost (D:11)
  Menkaure (D:7)
  An acid dragon (D:10)
  15 orc warriors (Orc:2)
  An ogre (D:4)
  A crocodile (D:10)
  A big kobold (D:9)
  4 killer bees
  3 wights (D:6)
  2 electric eels (D:9)
  A hound (D:9)
  2 orc wizards
  An orc priest (Orc:2)
  2 gnolls (D:4)
  9 orcs
  2 jackals (D:6)
  A frilled lizard (D:4)
  5 kobolds (D:9)
67 creatures vanquished.

Vanquished Creatures (others)
  A boggart (D:12)
  5 fungi
  14 plants
20 creatures vanquished.

Grand Total: 981 creatures vanquished

Notes
Turn   | Place    | Note
-------+----------+-------------------------------------------
     0 | D:1      | Mgcat the Gargoyle Monk began the quest for the Orb.
     0 | D:1      | Reached XP level 1. HP: 14/14 MP: 1/1
   245 | D:1      | Reached XP level 2. HP: 19/19 MP: 2/2
   601 | D:2      | Noticed Terence
   614 | D:2      | Reached skill level 4 in Fighting
   614 | D:2      | Reached XP level 3. HP: 24/24 MP: 3/3
   634 | D:2      | HP: 5/24 [Terence/mace (3)]
   909 | D:2      | Killed Terence
   979 | D:2      | Found a faded altar of an unknown god.
  1010 | D:2      | Reached skill level 4 in Maces & Flails
  1010 | D:2      | Reached XP level 4. HP: 16/30 MP: 4/4
  1085 | D:2      | Became a worshipper of Makhleb the Destroyer
  1085 | D:2      | Reached * piety under Makhleb
  1085 | D:2      | Reached ** piety under Makhleb
  1129 | D:2      | Found an opulent altar of Gozag.
  1230 | D:2      | Reached *** piety under Makhleb
  1495 | D:3      | Noticed Robin
  1520 | D:3      | HP: 7/30 [goblin[Robin] (1)]
  1531 | D:3      | HP: 4/30 [rat (2)]
  1806 | D:3      | Reached skill level 1 in Invocations
  1806 | D:3      | Reached XP level 5. HP: 32/34 MP: 5/5
  1847 | D:3      | Reached skill level 5 in Fighting
  1930 | D:3      | Killed Robin
  1935 | D:3      | Reached skill level 2 in Invocations
  2338 | D:4      | Reached **** piety under Makhleb
  2427 | D:4      | Reached XP level 6. HP: 40/40 MP: 7/7
  2586 | D:4      | Reached skill level 5 in Maces & Flails
  2604 | D:4      | Reached skill level 3 in Invocations
  2975 | D:4      | Reached XP level 7. HP: 44/45 MP: 9/9
  2992 | D:4      | Reached skill level 6 in Fighting
  3275 | D:4      | Found a white marble altar of Elyvilon.
  3342 | D:4      | Found a shimmering altar of Xom.
  3343 | D:4      | Found a hazy altar of Hepliaklqana.
  3344 | D:4      | Noticed a spectral ugly thing
  3416 | D:5      | Entered Level 5 of the Dungeon
  3427 | D:5      | Reached skill level 4 in Invocations
  3515 | D:5      | Reached skill level 6 in Maces & Flails
  3518 | D:5      | Reached XP level 8. HP: 52/52 MP: 11/11
  3603 | D:5      | Reached skill level 5 in Invocations
  3635 | D:5      | Reached skill level 7 in Fighting
  3755 | D:5      | Reached ***** piety under Makhleb
  4083 | D:5      | Reached skill level 7 in Maces & Flails
  4083 | D:5      | Reached skill level 1 in Evocations
  4292 | D:6      | Reached skill level 2 in Evocations
  4292 | D:6      | Reached XP level 9. HP: 56/59 MP: 13/13
  4305 | D:6      | Reached skill level 8 in Fighting
  4400 | D:6      | Noticed Eustachio
  4418 | D:6      | Killed Eustachio
  4418 | D:6      | Reached skill level 6 in Invocations
  4490 | D:6      | Found a staircase to the Ecumenical Temple.
  4543 | D:6      | Reached skill level 1 in Shields
  4653 | D:6      | Found a shattered altar of Ashenzari.
  4949 | D:6      | Reached skill level 3 in Evocations
  4955 | D:6      | Found a deep blue altar of Sif Muna.
  5041 | D:7      | Noticed Menkaure
  5089 | D:7      | Reached skill level 2 in Shields
  5170 | D:7      | Reached skill level 8 in Maces & Flails
  5267 | D:7      | Killed Menkaure
  5267 | D:7      | Reached skill level 3 in Shields
  5314 | D:7      | Reached skill level 7 in Invocations
  5323 | D:7      | Found Tegus's Armour Shoppe.
  6044 | D:8      | Noticed Joseph
  6061 | D:7      | Killed Joseph
  6061 | D:7      | Reached skill level 9 in Fighting
  6061 | D:7      | Reached skill level 4 in Evocations
  6061 | D:7      | Reached XP level 10. HP: 61/66 MP: 15/15
  6215 | D:8      | Found a burning altar of Makhleb.
  6381 | D:8      | Noticed Prince Ribbit
  6394 | D:8      | Reached skill level 4 in Shields
  6412 | D:8      | Killed Prince Ribbit
  7307 | D:9      | Found a burning altar of Makhleb.
  7310 | D:9      | Noticed a two-headed ogre
  7316 | D:9      | Killed a two-headed ogre
  7316 | D:9      | Reached skill level 8 in Invocations
  7316 | D:9      | Reached skill level 5 in Evocations
  7332 | D:9      | Reached skill level 9 in Maces & Flails
  7387 | D:9      | Noticed Psyche
  7396 | D:9      | Killed Psyche
  7411 | D:9      | Reached skill level 12 in Maces & Flails
  7411 | D:9      | Reached XP level 11. HP: 41/72 MP: 17/17
  7523 | D:9      | Reached skill level 10 in Fighting
  7651 | D:9      | Reached skill level 1 in Armour
  7831 | D:9      | Found a stormy altar of Qazlal.
  7876 | D:9      | Noticed Erica
  7890 | D:9      | Killed Erica
  8041 | D:10     | Entered Level 10 of the Dungeon
  8074 | D:10     | Reached skill level 2 in Armour
  8156 | D:10     | Reached XP level 12. HP: 74/78 MP: 18/18
  8252 | D:10     | Reached ****** piety under Makhleb
  8267 | D:10     | Reached skill level 3 in Armour
  8419 | D:10     | Found Ditoig's General Store.
  8424 | D:10     | Noticed Sonja
  8462 | D:10     | Reached skill level 13 in Maces & Flails
  8483 | D:10     | Killed Sonja
  8483 | D:10     | Reached skill level 4 in Armour
  8511 | D:10     | Bought a scroll of brand weapon for 260 gold pieces
  8651 | D:10     | Found a staircase to the Lair.
  8838 | D:10     | Reached skill level 11 in Fighting
  8862 | D:10     | Noticed a three-headed hydra
  8876 | D:10     | Killed a three-headed hydra
  8876 | D:10     | Reached skill level 5 in Armour
  9076 | D:10     | Found a white marble altar of Elyvilon.
  9236 | D:11     | Noticed a two-headed ogre
  9295 | D:11     | Noticed a two-headed ogre
  9305 | D:11     | Killed a two-headed ogre
  9399 | D:11     | Reached skill level 6 in Armour
  9647 | D:11     | Killed a two-headed ogre
 10315 | Lair:1   | Entered Level 1 of the Lair of Beasts
 10372 | Lair:1   | Noticed a four-headed hydra
 10389 | Lair:1   | Killed a four-headed hydra
 10389 | Lair:1   | Reached skill level 12 in Fighting
 10389 | Lair:1   | Reached skill level 7 in Armour
 10389 | Lair:1   | Reached XP level 13. HP: 74/86 MP: 19/19
 10445 | Lair:1   | Reached skill level 14 in Maces & Flails
 10828 | Lair:1   | Got a steaming mace
 10830 | Lair:1   | Identified the +7 mace of the Omega Point {chaos, Dex+4} (You found it on level 1 of the Lair of Beasts)
 11221 | Lair:2   | Reached skill level 9 in Invocations
 11931 | Lair:3   | Found a staircase to the Shoals.
 12012 | Lair:3   | Reached skill level 8 in Armour
 12775 | Lair:3   | HP: 16/87 [acid (6)]
 13142 | Lair:3   | HP: 14/87 [acid (8)]
 13448 | Lair:4   | Found a labyrinth entrance.
 13472 | Lab      | Entered a labyrinth
 13950 | Lab      | Noticed a minotaur
 13970 | Lab      | HP: 15/87 [minotaur/demon blade (11)]
 13971 | Lab      | Killed a minotaur
 13975 | Lab      | Got a crude marble ring
 14198 | Lair:4   | Identified the ring "Darph" {+Fly rC+ Int+7} (You took it off a minotaur in a labyrinth)
 14204 | Lair:4   | Found a hole to the Spider Nest.
 15025 | Lair:5   | Reached skill level 10 in Invocations
 15074 | Lair:5   | Reached skill level 13 in Fighting
 15080 | Lair:5   | Reached skill level 9 in Armour
 15217 | Lair:5   | Gained mutation: Your large and strong wings let you fly indefinitely. [Gargoyle growth]
 15217 | Lair:5   | Reached XP level 14. HP: 94/94 MP: 21/21
 15242 | Lair:5   | Found a staircase to the Slime Pits.
 15376 | Lair:5   | Upgraded the game from 0.22-a0-389-g8519d86 to 0.22-a0-392-g5dc3fd9
 15517 | Lair:5   | Got a scorched wooden ring
 15519 | Lair:5   | Identified the ring "Diequxe" {rF- rC++ MR+ Dex+3} (You found it on level 5 of the Lair of Beasts)
 15918 | Lair:6   | Entered Level 6 of the Lair of Beasts
 15961 | Lair:6   | Found a frozen archway.
 16008 | IceCv    | Entered an ice cave
 16221 | IceCv    | Reached skill level 15 in Maces & Flails
 16333 | IceCv    | Reached skill level 10 in Armour
 16493 | IceCv    | Reached skill level 11 in Invocations
 16596 | IceCv    | Noticed a frost giant
 16617 | IceCv    | Killed a frost giant
 16666 | IceCv    | Identified Dokud's Handbook of the Frostbite
 17237 | Lair:6   | Reached skill level 14 in Fighting
 17550 | Lair:6   | Reached XP level 15. HP: 100/100 MP: 23/23
 17728 | Lair:6   | Got a fine helmet
 17738 | Lair:6   | Identified a scroll of acquirement
 17739 | Lair:6   | Found the +3 warlock's mirror {reflect}
 17755 | Lair:6   | Identified the cursed +0 helmet of Objectivity {rF+ Regen+ Str+3 Int-5} (You found it on level 6 of the Lair of Beasts)
 17966 | Lair:4   | Reached skill level 11 in Armour
 18794 | D:12     | Noticed Gastronok
 18822 | D:12     | Killed Gastronok
 18822 | D:12     | Reached skill level 12 in Invocations
 18844 | D:12     | Found a staircase to the Orcish Mines.
 19060 | Orc:1    | Entered Level 1 of the Orcish Mines
 19272 | Orc:1    | Found an iron altar of Okawaru.
 19613 | Orc:2    | Entered Level 2 of the Orcish Mines
 19675 | Orc:2    | Found Fonge's General Store.
 19723 | Orc:2    | Gained mutation: Your magical capacity is low. (-10% MP) [a neqoxec]
 20059 | Orc:2    | Noticed an orc warlord
 20069 | Orc:2    | HP: 21/101 [orc knight/enchanted dire flail (30)]
 20077 | Orc:2    | Killed an orc warlord
 20583 | Orc:2    | Found a staircase to the Elven Halls.
 20784 | Orc:2    | Found Uneluzax's Armour Shop.
 20787 | Orc:2    | Found Kumm's Distillery.
 20788 | Orc:2    | Found Fov Ettemm's Armour Shop.
 20789 | Orc:2    | Found Keach's Magic Scroll Boutique.
 20795 | Orc:2    | Bought a scroll of enchant armour for 112 gold pieces
 20795 | Orc:2    | Bought a scroll of blinking for 112 gold pieces
 20795 | Orc:2    | Bought a scroll of magic mapping for 52 gold pieces
 20800 | Orc:2    | Bought the +4 chain mail of Amyris {Slay+3 Stlth+} for 515 gold pieces
 20991 | D:13     | Reached skill level 16 in Maces & Flails
 21186 | D:13     | Reached skill level 12 in Armour
 22008 | D:14     | Reached skill level 15 in Fighting
 22204 | D:14     | Found a gate to the Vaults.
 22284 | D:14     | Reached XP level 16. HP: 108/108 MP: 23/23
 22548 | D:15     | Entered Level 15 of the Dungeon
 22559 | D:15     | Reached skill level 13 in Invocations
 22763 | D:15     | Found a staircase to the Depths.
 23734 | Shoals:1 | Entered Level 1 of the Shoals
 23975 | Shoals:1 | Reached skill level 13 in Armour
 24003 | Shoals:1 | Got a slimy scale mail
 24014 | Shoals:1 | Identified the +5 scale mail of Belekh {Str+2} (You found it on level 1 of the Shoals)
 24028 | Shoals:1 | Learned a level 3 spell: Regeneration
 24462 | Shoals:1 | Reached skill level 1 in Charms
 24629 | Shoals:2 | Reached skill level 1 in Spellcasting
 24692 | Shoals:2 | Reached skill level 1 in Necromancy
 24751 | Shoals:2 | Reached skill level 3 in Dodging
 25038 | Shoals:2 | Reached skill level 2 in Charms
 25059 | Shoals:2 | Reached skill level 2 in Spellcasting
 25666 | Shoals:3 | Reached skill level 2 in Necromancy
 25678 | Shoals:3 | Reached XP level 17. HP: 90/115 MP: 24/24
 25724 | Shoals:3 | Noticed a kraken
 25732 | Shoals:3 | HP: 2/115 [kraken (29)]
 25732 | Shoals:3 | Mangled by a tentacle

Vault maps used:
D:1:      onia_arrival_mini_spirals
D:2:      lemuel_doored_altar, first_ration, chequers_ecumenical_altar_simple,
          minmay_lizard_pond, uniq_terence
D:3:      uniq_robin
D:4:      regret_index_temple_of_mockery, lemuel_coloured_pillars_altar
D:6:      evilmike_ruin_ashenzari, led_sif_book, minmay_temple_entry_poolview,
          uniq_eustachio
D:7:      serial_shops, shop, uniq_menkaure
D:8:      nicolae_overflow_crystal_walls, uniq_joseph, uniq_prince_ribbit1
D:9:      kennysheep_spiral_hall, kennysheep_mini_moat, basic_altar,
          uniq_psyche, uniq_erolcha, uniq_erica
D:10:     erik_lair_dragon, serial_shops, shop, hangedman_ranch,
          elyvilon_altar_3, uniq_sonja
D:12:     david_orc_1_choice, uniq_gastronok
D:13:     hangedman_decor_growths, minmay_more_statues
D:14:     erik_vaults_1, kennysheep_nondescript
D:15:     gammafunk_depths_entry_grave, minmay_misc_feat_alley
Lair:1:   grunt_megastairs_1, serial_bayou_shore_b
Lair:2:   serial_bayou_shore_b
Lair:3:   minmay_shoals_entry_lonely_mermaid, minivault_26,
          serial_bayou_shore_a, infiniplex_staircase_pool,
          minmay_lair_oklob_chamber
Lair:4:   spider_nest_entry_rubble, lab_entry_generic,
          kennysheep_catoblepas_arena
Lair:5:   minmay_slime_entry_pillars, pond, grunt_megastairs_2,
          serial_bayou_shore_b
Lair:6:   gammafunk_lair_ancient_temple, portal_ice_cave_entry_ice_beasts,
          kennysheep_rathole
Shoals:1: centaur_isle
Orc:1:    okawaru_metal_pillars_1_2
Orc:2:    st_orc_pillars, serial_shops, shop
Lab:      nicolae_lab_dead_adventurers
IceCv:    ice_cave_caverns_01

Skill      XL: |  1  2  3  4  5  6  7  8  9 10 11 12 13 14 15 16 |
---------------+-------------------------------------------------+-----
Fighting       | 4 5 6 7 9 10 12 13 14 15 | 15.9
Maces & Flails | 4 5 6 7 8 12 13 14 15 16 | 16.8
Invocations    | 1 2 3 4 5 7 8 10 11 12 13 | 13.8
Evocations     | 2 4 5 |  5.0
Shields        | 3 4 |  4.0
Armour         | 2 7 9 10 12 13 | 13.3
Charms         | 2 |  2.3
Spellcasting   | 2 |  2.2
Necromancy     | 2 |  2.1
Dodging        | 3 |  3.4
Stealth        | |  2.1

Action                   |  1- 3 |  4- 6 |  7- 9 | 10-12 | 13-15 | 16-18 || total
-------------------------+-------+-------+-------+-------+-------+-------++-------
Melee: Mace              |    86 |   134 |       |       |   267 |       ||   487
       Whip              |       |    91 |    83 |       |       |       ||   174
       Flail             |       |       |   313 |   614 |       |       ||   927
       Dire flail        |       |       |       |   168 |  1717 |   620 ||  2505
Throw: Tomahawk          |       |       |     2 |     1 |     9 |     4 ||    16
Invok: Lesser Servant of |       |     1 |     6 |     6 |    15 |     1 ||    29
       Major Destruction |       |       |     1 |     3 |     8 |     3 ||    15
       Minor Destruction |       |       |       |     3 |    11 |     5 ||    19
       Greater Servant o |       |       |       |       |     4 |     1 ||     5
 Abil: Fly               |       |       |       |       |     1 |       ||     1
  Use: Potion            |     2 |       |       |     2 |     7 |       ||    11
       Scroll            |       |     1 |    14 |     9 |    16 |     2 ||    42
 Stab: Distracted        |       |     2 |     2 |     1 |     3 |       ||     8
       Sleeping          |       |     4 |       |       |       |       ||     4
       Paralysed         |       |       |       |       |    10 |       ||    10
       Petrified         |       |       |       |       |     4 |       ||     4
  Eat: Chunk             |       |     7 |     9 |    17 |    37 |    13 ||    83
       Ration            |       |       |       |       |     1 |       ||     1
Armor: Robe              |     3 |       |       |       |       |       ||     3
       Leather armour    |    24 |    74 |       |       |       |       ||    98
       Scale mail        |       |       |   219 |       |       |       ||   219
       Swamp dragon scal |       |       |     9 |   436 |   921 |       ||  1366
       Chain mail        |       |       |       |       |   177 |   511 ||   688
Dodge: Dodged            |    61 |   173 |   172 |   385 |   834 |   247 ||  1872
Block: Buckler           |       |       |    22 |   153 |    57 |       ||   232

Table legend:
 A = Spawn XP
 B = Non-spawn XP
 C = Spawn XP percentage of total XP
 D = Spawn monster count
 E = Non-spawn monster count
 F = Spawn count percentage of total count
 G = Total turns spent on level
                    A         B        C        D         E        F      G
               +---------+---------+-------+---------+---------+-------+---------
         Total |       0 |  174964 |   0.0 |       0 |     961 |   0.0 | 25732
               +---------+---------+-------+---------+---------+-------+---------
           D:1 |       0 |      17 |   0.0 |       0 |      11 |   0.0 |   778
           D:2 |       0 |     108 |   0.0 |       0 |      32 |   0.0 |   710
           D:3 |       0 |     161 |   0.0 |       0 |      30 |   0.0 |   839
           D:4 |       0 |     544 |   0.0 |       0 |      30 |   0.0 |  1089
           D:5 |       0 |    1121 |   0.0 |       0 |      34 |   0.0 |   717
           D:6 |       0 |    1411 |   0.0 |       0 |      32 |   0.0 |  1010
           D:7 |       0 |    1728 |   0.0 |       0 |      29 |   0.0 |  1057
           D:8 |       0 |    1657 |   0.0 |       0 |      27 |   0.0 |  1273
           D:9 |       0 |    2724 |   0.0 |       0 |      24 |   0.0 |   762
          D:10 |       0 |    7825 |   0.0 |       0 |      66 |   0.0 |  1469
          D:11 |       0 |    4523 |   0.0 |       0 |      29 |   0.0 |   814
          D:12 |       0 |    7855 |   0.0 |       0 |      47 |   0.0 |   892
          D:13 |       0 |    7561 |   0.0 |       0 |      24 |   0.0 |   930
          D:14 |       0 |    9698 |   0.0 |       0 |      32 |   0.0 |   760
          D:15 |       0 |   16697 |   0.0 |       0 |      32 |   0.0 |   936
        Lair:1 |       0 |    7312 |   0.0 |       0 |      24 |   0.0 |   919
        Lair:2 |       0 |    1948 |   0.0 |       0 |       6 |   0.0 |   639
        Lair:3 |       0 |    6954 |   0.0 |       0 |      22 |   0.0 |  1705
        Lair:4 |       0 |    4751 |   0.0 |       0 |      21 |   0.0 |   993
        Lair:5 |       0 |    9248 |   0.0 |       0 |      44 |   0.0 |   979
        Lair:6 |       0 |   14879 |   0.0 |       0 |      65 |   0.0 |  1108
      Shoals:1 |       0 |   13969 |   0.0 |       0 |      34 |   0.0 |   891
      Shoals:2 |       0 |   18463 |   0.0 |       0 |      40 |   0.0 |   905
      Shoals:3 |       0 |    3658 |   0.0 |       0 |       7 |   0.0 |   202
         Orc:1 |       0 |    2603 |   0.0 |       0 |      42 |   0.0 |   694
         Orc:2 |       0 |   13216 |   0.0 |       0 |     121 |   0.0 |  1127
           Lab |       0 |    1086 |   0.0 |       0 |       1 |   0.0 |   724
         IceCv |       0 |   13247 |   0.0 |       0 |      55 |   0.0 |   810
               +---------+---------+-------+---------+---------+-------+---------

Vault maps used:
D:1:      onia_arrival_mini_spirals
D:2:      lemuel_doored_altar, first_ration, chequers_ecumenical_altar_simple,
          minmay_lizard_pond, uniq_terence
D:3:      uniq_robin
D:4:      regret_index_temple_of_mockery, lemuel_coloured_pillars_altar
D:6:      evilmike_ruin_ashenzari, led_sif_book, minmay_temple_entry_poolview,
          uniq_eustachio
D:7:      serial_shops, shop, uniq_menkaure
D:8:      nicolae_overflow_crystal_walls, uniq_joseph, uniq_prince_ribbit1
D:9:      kennysheep_spiral_hall, kennysheep_mini_moat, basic_altar,
          uniq_psyche, uniq_erolcha, uniq_erica
D:10:     erik_lair_dragon, serial_shops, shop, hangedman_ranch,
          elyvilon_altar_3, uniq_sonja
D:12:     david_orc_1_choice, uniq_gastronok
D:13:     hangedman_decor_growths, minmay_more_statues
D:14:     erik_vaults_1, kennysheep_nondescript
D:15:     gammafunk_depths_entry_grave, minmay_misc_feat_alley
Lair:1:   grunt_megastairs_1, serial_bayou_shore_b
Lair:2:   serial_bayou_shore_b
Lair:3:   minmay_shoals_entry_lonely_mermaid, minivault_26,
          serial_bayou_shore_a, infiniplex_staircase_pool,
          minmay_lair_oklob_chamber
Lair:4:   spider_nest_entry_rubble, lab_entry_generic,
          kennysheep_catoblepas_arena
Lair:5:   minmay_slime_entry_pillars, pond, grunt_megastairs_2,
          serial_bayou_shore_b
Lair:6:   gammafunk_lair_ancient_temple, portal_ice_cave_entry_ice_beasts,
          kennysheep_rathole
Shoals:1: centaur_isle
Orc:1:    okawaru_metal_pillars_1_2
Orc:2:    st_orc_pillars, serial_shops, shop
Lab:      nicolae_lab_dead_adventurers
IceCv:    ice_cave_caverns_01

Table legend:
 A = Turns spent in this place as a percentage of turns spent in the entire game.
 B = Non-inter-level travel turns spent in this place as a percentage of non-inter-level travel turns spent in the entire game.
 C = Inter-level travel turns spent in this place as a percentage of turns spent in this place.
 D = Turns resting spent in this place as a percentage of non-inter-level travel turns spent in this place.
 E = Turns spent auto-exploring this place as a percentage of non-inter-level travel turns spent in this place.
 F = Non-inter-level travel turns spent in this place divided by the number of levels of this place that you've seen.
                   A       B       C       D       E      F
               +-------+-------+-------+-------+-------+----------------------
         Total | 100.0 | 100.0 |   7.2 |   3.6 |  63.0 | 852.6
       Dungeon |  54.5 |  53.7 |   8.6 |   2.4 |  67.7 | 854.8
          Lair |  24.7 |  24.4 |   8.2 |   5.9 |  65.9 | 970.3
        Shoals |   7.8 |   8.1 |   3.2 |   0.2 |  64.7 | 645.0
  Orcish Mines |   7.1 |   7.4 |   3.3 |   2.2 |  51.9 | 880.0
     Labyrinth |   2.8 |   3.0 |   0.0 |  24.9 |   0.0 | 724.0
      Ice Cave |   3.1 |   3.4 |   0.0 |   0.0 |  43.3 | 810.0
               +-------+-------+-------+-------+-------+----------------------

Table legend:
 A = Kills in this place as a percentage of kills in entire the game.
 B = Kills by you in this place as a percentage of kills by you in the entire game.
 C = Kills by friends in this place as a percentage of kills by friends in the entire game.
 D = Other kills in this place as a percentage of other kills in the entire game.
 E = Experience gained in this place as a percentage of experience gained in the entire game.
 F = Experience gained in this place divided by the number of levels of this place that you have seen.
                   A       B       C       D       E      F
               +-------+-------+-------+-------+-------+----------------------
         Total | 100.0 | 100.0 | 100.0 |   N/A | 100.0 | 6248.7
       Dungeon |  49.8 |  49.8 |  50.7 |   N/A |  36.4 | 4242.0
          Lair |  18.9 |  20.0 |   4.5 |   N/A |  25.8 | 7515.3
        Shoals |   8.4 |   9.1 |   0.0 |   N/A |  20.6 | 12030.0
  Orcish Mines |  17.0 |  14.9 |  44.8 |   N/A |   9.0 | 7909.5
     Labyrinth |   0.1 |   0.1 |   0.0 |   N/A |   0.6 | 1086.0
      Ice Cave |   5.7 |   6.2 |   0.0 |   N/A |   7.6 | 13247.0
               +-------+-------+-------+-------+-------+----------------------
